 Dungeon Crawl Stone Soup version 0.30.0-13-g156ef70053 (webtiles) character file.

Game seed: 7558890651241896300

31 dialectric the Sneak (level 3, 0/33 HPs)
             Began as a Minotaur Delver on May 18, 2023.
             Slain by a gnoll
             ... wielding a +0 flail
              (2 damage)
             ... on level 6 of the Dungeon.
             The game lasted 00:00:32 (86 turns).

dialectric the Sneak (Minotaur Delver)                Turns: 86, Time: 00:00:33

Health: 0/33       AC:  4    Str: 18    XL:     3   Next: 7%
Magic:  2/2        EV: 12    Int:  7    God:
Gold:   0          SH:  0    Dex: 11    Spells: 2/2 levels left

rFire   . . .        a - +0 falchion
rCold   . . .        (no shield)
rNeg    . . .        b - +0 leather armour
rPois   .            (helmet restricted)
rElec   .            (no cloak)
rCorr   .            (no gloves)
SInv    .            j - +0 pair of boots
Will    .....        (no amulet)
Stlth   ++           (no ring)
HPRegen 0.25/turn    (no ring)
MPRegen 0.08/turn

%: no passive effects
@: no status effects
A: horns 2, retaliatory headbutt
a: no special abilities


You were on level 6 of the Dungeon.
You visited 1 branch of the dungeon, and saw 2 of its levels.

Inventory:

Hand Weapons
 a - a +0 falchion (weapon)
Armour
 b - a +0 leather armour (worn)
 j - a +0 pair of boots (worn)
Wands
 g - a wand of digging (3)
Scrolls
 c - a scroll of fog
 d - a scroll of magic mapping
 e - a scroll of fear
 i - a scroll of identify {unknown}
Potions
 f - a potion of haste
 h - a potion of brilliance {unknown}


   Skills:
 + Level 3.9 Fighting
 + Level 2.6 Long Blades
 + Level 0.2 Armour
 + Level 2.5 Dodging
 + Level 4.6 Stealth


You had 2 spell levels left.
You didn't know any spells.
Your spell library was empty.

Dungeon Overview and Level Annotations

Branches:
Dungeon (6/15)
 Temple: D:4-7

Altars:
Hepliaklqana
Uskayaw

Annotations:
D:5 Eustachio


Innate Abilities, Weirdness & Mutations

You have a pair of horns on your head.
You reflexively headbutt those who attack you in melee.


Message History

Found 14 gold pieces.
There is a stone staircase leading up here.
Unknown command.
The hound barely misses you. The gnoll hits you with a +0 flail.
The hound closely misses you. The hound barely misses you.
You furiously retaliate!
You headbutt the hound! The hound attacks as you move away!
The hound bites you.
Okay, then.
You slash the hound! Your headbutt misses the hound.
The hound is almost dead.
The hound bites you. The hound misses you. You furiously retaliate!
You headbutt the hound.
You kill the hound!
You have reached level 2!
You have reached level 3!
Your experience leads to an increase in your attributes!
Increase (S)trength, (I)ntelligence, or (D)exterity?
You feel stronger. x2
You hit the gnoll but do no damage. The gnoll hits you with a +0 flail!
You barely miss the gnoll. The gnoll hits you with a +0 flail.
You hit the gnoll.
The gnoll is moderately wounded.
The gnoll barely misses you.
You barely miss the gnoll.
The gnoll is moderately wounded.
The gnoll misses you.
You barely miss the gnoll.
You headbutt the gnoll, but do no damage.
The gnoll is moderately wounded.
The gnoll misses you. The gnoll hits you with a +0 flail!
* * * LOW HITPOINT WARNING * * *
You closely miss the gnoll.
You headbutt the gnoll, but do no damage.
The gnoll is moderately wounded.
The gnoll hits you with a +0 flail.
* * * LOW HITPOINT WARNING * * *
You hit the gnoll.
The gnoll is heavily wounded.
The gnoll hits you with a +0 flail.
You die...

#. #. #. ##.##
##...##
###.....###########
#..$......g@.......
..#...<.###########
##...## .....##
######


You could see a gnoll.

Vanquished Creatures
  A hound (D:6)
1 creature vanquished.

Notes
Turn   | Place    | Note
-------+----------+-------------------------------------------
     0 | D:5      | dialectric the Minotaur Delver began the quest for the Orb.
     0 | D:5      | Reached XP level 1. HP: 19/19 MP: 0/0
    47 | D:5      | Noticed Eustachio
    51 | D:5      | Found a hazy altar of Hepliaklqana.
    73 | D:6      | Noticed a hound
    79 | D:6      | Killed a hound
    80 | D:6      | Reached XP level 2. HP: 18/27 MP: 1/1
    80 | D:6      | Reached XP level 3. HP: 23/33 MP: 2/2
    85 | D:6      | HP: 1/33 [gnoll/+0 flail (3)]
    86 | D:6      | Slain by a gnoll

Illustrated notes

Levels and vault maps discovered:
D:5:      nicolae_BIG_FREAKIN_CUBE, layout_basic, mainiacjoe_overflow_catwalk,
          nicolae_overflow_crystal_walls, serial_curves, eino_curves_04,
          eino_curves_01, sigmund_edmund_badplayer, uniq_eustachio, uniq_sigmund
D:6:      layout_loops_ring, gammafunk_ghost_cemetery

Action                     || total
---------------------------++-------
  Melee: Falchion          ||     8
         Headbutt          ||     2
 Armour: Leather armour    ||     2
  Dodge: Dodged            ||    11
